 Dungeon Crawl Stone Soup version 0.27-a0-860-gaf99fae3ca (webtiles) character file.

Game seed: 13893481958662301885

811 robertstho the Skirmisher (level 7, -1/71 HPs)
             Began as a Troll Delver on Apr 1, 2021.
             Slain by a hornet (3 damage)
             ... while paralysed by a hornet
             ... on level 5 of the Dungeon.
             The game lasted 00:04:51 (3027 turns).

robertstho the Skirmisher (Troll Delver)            Turns: 3027, Time: 00:04:51

Health: -1/71      AC:  6    Str: 23    XL:     7   Next: 61%
Magic:  6/6        EV:  1    Int: 11    God:
Gold:   355        SH:  0    Dex: 11    Spells: 6/6 levels left

rFire    . . .     SeeInvis .   g - +12 hand axe of Awkwardness {freeze, Will- Int+5}
rCold    . . .     Faith    .   (no shield)
rNeg     . . .     Spirit   .   k - +0 troll leather armour {Purgy}
rPois    .         Reflect  .   (helmet restricted)
rElec    .         Harm     .   (no cloak)
rCorr    .         Rampage  .   (gloves unavailable)
Will     .....                  (boots unavailable)
Stlth    ++........             (no amulet)
HPRegen  2.21/turn              (no ring)
MPRegen  0.10/turn              (no ring)

@: paralysed, lethally poisoned (-1 -> -16), slowed
A: large, unfitting armour, claws 3, regeneration 1, shaggy fur 1, tough skin 1
a: no special abilities


You were on level 5 of the Dungeon.
You visited 1 branch of the dungeon, and saw 5 of its levels.
You also visited: Sewer.

You collected 355 gold pieces.

Inventory:

Hand Weapons
 g - the +12 hand axe of Awkwardness (weapon) {freeze, Will- Int+5}
   (You found it on level 5 of the Dungeon)

   It has been specially enchanted to freeze those struck by it, causing extra
   injury to most foes and up to half again as much damage against particularly
   susceptible opponents.
   It can also slow down cold-blooded creatures.
   It affects your intelligence (+5).
   It decreases your willpower.
Armour
 k - a +0 troll leather armour (worn) {Purgy}
Jewellery
 t - a ring of flight
Wands
 f - a wand of digging (3)
Scrolls
 b - a scroll of fog
 c - 3 scrolls of magic mapping
 d - 3 scrolls of fear
 l - 3 scrolls of enchant armour {unknown}
 m - a scroll of silence {unknown}
 n - a scroll of identify
 q - 3 scrolls of teleportation {unknown}
 s - a scroll of acquirement {unknown}
Potions
 a - a potion of mutation {unknown}
 e - 3 potions of haste
 h - a potion of degeneration {unknown}
 i - 2 potions of invisibility {unknown}
 j - 4 potions of attraction {unknown}
 o - a potion of cancellation {unknown}
 p - 2 potions of flight
 r - 3 potions of curing
 u - a potion of resistance


   Skills:
 * Level 4.6 Fighting
 + Level 3.7 Axes
 * Level 2.8 Armour
 + Level 2.8 Dodging
 - Level 3.1 Stealth
 - Level 2.0 Unarmed Combat


You had 6 spell levels left.
You didn't know any spells.
Your spell library was empty.

Dungeon Overview and Level Annotations

Branches:
Dungeon (5/15)             Temple (0/1) D:4           Sewer (visited)

Altars:
Qazlal

Shops:
D:3 [


Innate Abilities, Weirdness & Mutations

You are too large for most types of armour.
You have claws for hands.
Your natural rate of healing is unusually fast.
You are covered in fur. (AC +1)
You have tough skin. (AC +1)


Message History

You are no longer poisoned.
A hornet is nearby!
A hornet is nearby!
A hornet is nearby!
A hornet is nearby!
You barely miss the hornet. The hornet closely misses you.
You slash the hornet! You freeze the hornet.
The hornet is severely wounded.
The hornet stings you.
You are poisoned.
You feel yourself slow down. The hornet stings you.
You feel as though you will be slow longer.
You closely miss the hornet.
The hornet is severely wounded.
You feel very sick. The hornet stings you.
You feel as though you will be slow longer.
The hornet stings you.
You feel as though you will be slow longer.
You hit the hornet. You freeze the hornet.
The hornet is almost dead.
You feel sick. The hornet stings you.
You are more poisoned.
You suddenly lose the ability to move!
The hornet stings you.
You are more poisoned.
You feel as though you will be slow longer.
The hornet stings you!
You are more poisoned.
You feel as though you will be slow longer.
You feel extremely sick. The hornet stings you.
You are more poisoned.
You feel as though you will be slow longer.
The hornet stings you!
* * * LOW HITPOINT WARNING * * *
You feel as though you will be slow longer.
* * * LOW HITPOINT WARNING * * *
You feel extremely sick. The hornet stings you.
You die...

...# .#............. #...## ###
.............. ##... #...###
....#.....#.. #.... #...#..
..##........ .... .....#...#.#
##........#.. ..# ...........#
##.......###.. ..#
.....###..†###............. ..#
#.....# #..#.......#...... ..##
##...... .#@y....##..##.....
...###....## .#......###..#.....
...##......###........###........
...........#.....................
....#.#.....................####.
...#####.....##......##.....# ..
##.# ##.....#.....#####..### .
.#.## #......##...## ##.#
....###.....##.#.# #..


You could see a hornet.

Vanquished Creatures
  Eustachio (D:5)
  Purgy (Sewer)
  An ogre (D:4)
  2 scorpions
  A hound (D:4)
  An orc priest (D:4)
  2 iguanas (D:5)
  2 orc wizards (D:4)
  2 hound skeletons
  10 adders
  An ufetubus (D:5)
  2 worms
  2 dart slugs
  4 orcs
  8 ball pythons
  5 endoplasms
  6 giant cockroaches
  7 goblins
  4 hobgoblins
  4 jackals
  3 quokkas
  6 bats
  5 frilled lizards
  5 kobolds
  2 rats (D:3)
87 creatures vanquished.

Notes
Turn   | Place    | Note
-------+----------+-------------------------------------------
     0 | D:5      | robertstho the Troll Delver began the quest for the Orb.
     0 | D:5      | Reached XP level 1. HP: 22/22 MP: 0/0
    34 | D:5      | Noticed a hornet
    61 | D:5      | Identified the +12 hand axe of Awkwardness {freeze, Will-
                  | Int+5}
    68 | D:5      | Reached XP level 2. HP: 24/29 MP: 1/1
    81 | D:5      | Reached XP level 3. HP: 34/36 MP: 2/2
    93 | D:5      | Found a glowing drain.
   100 | Sewer    | Entered a sewer
   185 | Sewer    | Noticed Purgy
   193 | Sewer    | Killed Purgy
   194 | Sewer    | Reached skill level 3 in Fighting
   194 | Sewer    | Reached skill level 1 in Axes
   194 | Sewer    | Reached XP level 4. HP: 26/46 MP: 3/3
   248 | Sewer    | Reached XP level 5. HP: 53/54 MP: 4/4
   401 | D:4      | Reached skill level 4 in Fighting
   443 | D:4      | Noticed Eustachio
   551 | D:3      | Found Koitimeq's Armour Shop.
   667 | D:3      | Reached XP level 6. HP: 62/62 MP: 5/5
  2126 | D:1      | Found a faded altar of an unknown god.
  2353 | D:4      | Found a stormy altar of Qazlal.
  2582 | D:4      | Reached skill level 1 in Armour
  2615 | D:4      | Found a staircase to the Ecumenical Temple.
  2813 | D:4      | Reached XP level 7. HP: 58/71 MP: 6/6
  2938 | D:5      | Killed Eustachio
  3025 | D:5      | Paralysed by a hornet for 3 turns
  3027 | D:5      | HP: 2/71 [poisoned by a hornet]
  3027 | D:5      | Slain by a hornet

Illustrated notes

Levels and vault maps discovered:
D:1:      minmay_arrival_semitransparent, layout_basic,
          ebering_ecumenical_altar_mist
D:2:      layout_loops_ring
D:3:      layout_basic, serial_shops, nicolae_shop_crystal,
          hangedman_glass_garden, minivault_4
D:4:      layout_loops_cross, grunt_qazlal_sundering,
          minmay_temple_entry_poolview, chequers_serial_rivers_small_3,
          st_stairs_2, uniq_eustachio
D:5:      layout_cave_pools, gup_sewer_entry_bubbles, solitary_fountain

Skill      XL: |  1  2  3  4  5  6  7 |
---------------+----------------------+-----
Stealth        | 3 |  3.1
Fighting       | 3 4 |  4.6
Axes           | 1 2 3 |  3.7
Dodging        | 2 |  2.8
Armour         | 1 2 |  2.8
Unarmed Combat | |  2.0

Action                   |  1- 3 |  4- 6 |  7- 9 || total
-------------------------+-------+-------+-------++-------
Melee: Hand axe          |    21 |   113 |    22 ||   156
       Punch             |       |     1 |       ||     1
  Use: Scroll            |       |     4 |       ||     4
 Stab: Sleeping          |     1 |     9 |       ||    10
Armor: Robe              |    12 |       |       ||    12
       Troll leather arm |       |    41 |     4 ||    45
Dodge: Dodged            |    16 |    55 |     6 ||    77

Table legend: (Time is in decaauts)
 A = Elapsed time spent in this place.
 B = Non-inter-level travel time spent in this place.
 C = Inter-level travel time spent in this place.
 D = Time resting spent in this place.
 E = Time spent auto-exploring this place.
 F = Levels seen in this place.
 G = Mean time per level.
                   A        B        C        D        E       F      G
               +--------+--------+--------+--------+--------+-----+--------+
         Total |   3092 |   2976 |    116 |      0 |   2396 |   6 |  515.3 |
       Dungeon |   2918 |   2802 |    116 |      0 |   2285 |   5 |  583.6 |
         Sewer |    173 |    173 |      0 |      0 |    111 |   1 |  173.0 |
               +--------+--------+--------+--------+--------+-----+--------+

Top non-repeatable levels by time:
     D:1: 732 daAuts
     D:4: 714 daAuts
     D:2: 631 daAuts
     D:3: 480 daAuts
     D:5: 359 daAuts
   Sewer: 173 daAuts
